 Dungeon Crawl Stone Soup version 0.27-a0-1232-gc6a4cbde82 (webtiles) character file.

Game seed: 17769299007970238167

63 Shayle the Ducker (level 4, -1/66 HPs)
             Began as an Ogre Warper on June 8, 2021.
             Succumbed to an adder's poison
             ... on level 4 of the Dungeon.
             The game lasted 00:05:07 (1956 turns).

Shayle the Ducker (Ogre Warper)                     Turns: 1956, Time: 00:05:08

Health: -1/66      AC: 22    Str: 15    XL:     4   Next: 10%
Magic:  7/7        EV:  1    Int: 15    God:
Gold:   115        SH:  0    Dex:  8    Spells: 2/7 levels left

rFire    + . .     SeeInvis .   a - +0 spear
rCold    + . .     Faith    .   (no shield)
rNeg     + + +     Spirit   .   (armour currently unavailable)
rPois    +         Reflect  .   (helmet currently unavailable)
rElec    +         Harm     .   (cloak currently unavailable)
rCorr    +         Rampage  .   (gloves unavailable)
Will     .....     NoTele   +   (boots unavailable)
Stlth    +.........             (no amulet)
HPRegen  0.21/turn              (no ring)
MPRegen  0.10/turn              (no ring)

@: brilliant, lethally poisoned (-1 -> -7), tree-form, resistant, hasted, very
quick
A: stationary, stasis, torment immunity, boosted hp, large, unfitting armour,
(tough skin 1)
a: no special abilities


You were on level 4 of the Dungeon.
You were a tree.
You visited 1 branch of the dungeon, and saw 4 of its levels.

You collected 115 gold pieces.

Inventory:

Hand Weapons
 a - a +0 spear (weapon)
Missiles
 e - 3 boomerangs of dispersal (quivered)
Armour
 b - a +0 robe (melded)
Jewellery
 g - a ring of positive energy
Scrolls
 d - a scroll of blinking
 h - a scroll of teleportation {unknown}
 k - a scroll of acquirement {unknown}
 l - 3 scrolls of magic mapping {unknown}
Potions
 c - a potion of cancellation
 f - a potion of might


   Skills:
 - Level 2.6 Fighting
 - Level 2.0 Polearms
 - Level 1.0 Throwing
 + Level 4.1 Dodging
 - Level 2.4 Spellcasting
 - Level 2.6 Translocations


You had 2 spell levels left.
You knew the following spells:

 Your Spells              Type           Power      Damage    Failure   Level
a - Blink                 Tloc           N/A        N/A       11%         2
b - Teleport Other        Tloc           14%        N/A       22%         3

Your spell library contained the following spells:

 Spells                   Type           Power      Damage    Failure   Level
 Gell's Gravitas          Tloc           7%         N/A       22%         3
 Lesser Beckoning         Tloc           7%         N/A       22%         3
 Manifold Assault         Tloc           14%        N/A       89%         5


Dungeon Overview and Level Annotations

Branches:
Dungeon (4/15)
 Temple: D:4-7

Altars:
Qazlal

Shops:
D:1 ?(:

Annotations:
D:2 Sigmund
D:3 Terence


Innate Abilities, Weirdness & Mutations

You are a tree.
Your roots penetrate the ground, keeping you stationary.
You cannot be teleported.
You are immune to unholy pain and torment.
Your maximum health is greatly increased.
Your equipment is partially melded.
You are too large for most types of armour.
((You have tough skin. (AC +1)))


Message History

You hit the adder.
The adder is heavily wounded.
You feel sick. The adder barely misses you.
You barely miss the adder.
The adder is heavily wounded.
You feel sick. The adder bites you but does no damage.
You barely miss the adder.
The adder is heavily wounded.
You feel sick. The adder bites you.
* * * LOW HITPOINT WARNING * * *
The adder bites you but does no damage.
You miss the adder.
The adder is heavily wounded.
You feel sick. The adder bites you.
* * * LOW HITPOINT WARNING * * *
You are more poisoned.
The adder poisons you!
You barely miss the adder.
The adder is heavily wounded.
* * * LOW HITPOINT WARNING * * *
You feel sick. The adder bites you but does no damage.
It was a potion of brilliance.
You feel clever all of a sudden.
* * * LOW HITPOINT WARNING * * *
You feel sick. The adder bites you.
* * * LOW HITPOINT WARNING * * *
The adder bites you.
* * * LOW HITPOINT WARNING * * *
You are more poisoned.
The adder poisons you!
It was a potion of haste.
You feel yourself speed up.
* * * LOW HITPOINT WARNING * * *
You feel sick. The adder bites you but does no damage.
It was a potion of resistance.
You feel protected.
* * * LOW HITPOINT WARNING * * *
You feel sick. The adder bites you but does no damage.
It was a potion of lignification.
You turn into a tree.
Your +0 robe melds into your body.
Your roots penetrate the ground.
You die...

#...##### #...#.... ##
#...#... ... ...... ....
#...# #.#
.....#######...####. #..
.......S.........##. #.
.......♣.........##. #.
./...............##. #.
#####.(..........##.###.
#............##.....
#..........<..#.....
#.............##....
##########..........
#...##.....
.............


You could see an adder.

Vanquished Creatures
  2 adders (D:2)
  An orc (D:2)
  6 ball pythons
  2 endoplasms (D:1)
  A giant cockroach (D:1)
  7 goblins
  7 hobgoblins
  2 jackals (D:2)
  A quokka (D:1)
  2 bats
  A frilled lizard (D:1)
  3 kobolds
  4 rats
39 creatures vanquished.

Notes
Turn   | Place    | Note
-------+----------+-------------------------------------------
     0 | D:1      | Shayle the Ogre Warper began the quest for the Orb.
     0 | D:1      | Reached XP level 1. HP: 22/22 MP: 3/3
   189 | D:1      | Found Paul's Weapon Emporium.
   241 | D:1      | Found Qudom's Book Boutique.
   465 | D:1      | Reached XP level 2. HP: 27/29 MP: 5/5
   627 | D:1      | Found Xudabby's Magic Scroll Shoppe.
   801 | D:1      | Found a faded altar of an unknown god.
   824 | D:1      | Reached skill level 3 in Dodging
  1188 | D:2      | Reached XP level 3. HP: 32/36 MP: 6/6
  1301 | D:2      | Learned a level 2 spell: Blink
  1305 | D:2      | Learned a level 3 spell: Teleport Other
  1720 | D:2      | Noticed Sigmund
  1759 | D:3      | Noticed Terence
  1789 | D:4      | Reached skill level 4 in Dodging
  1789 | D:4      | Reached XP level 4. HP: 39/44 MP: 7/7
  1883 | D:4      | Found a stormy altar of Qazlal.
  1954 | D:4      | HP: 2/44 [poisoned by an adder]
  1956 | D:4      | Succumbed to an adder's poison

Illustrated notes

Levels and vault maps discovered:
D:1:      dpeg_arrival_chambers_temple_mockup, layout_basic, serial_shops,
          nicolae_shop_statue_plus, shop, shop_fountains,
          hellmonk_ecumenical_altar_zigzags
D:2:      cheibrodos_greedy_goblins, layout_rooms, uniq_sigmund
D:3:      gammafunk_steamed_eel, layout_basic, zin_purify, uniq_terence,
          uniq_grinder, uniq_natasha
D:4:      layout_basic, grunt_qazlal_sundering, lemuel_tele_altar,
          gup_sewer_entry_spiral, uniq_robin

Skill      XL: |  1  2  3 |
---------------+----------+-----
Dodging        | 3 4 |  4.1
Fighting       | |  2.6
Polearms       | |  2.0
Throwing       | |  1.0
Spellcasting   | |  2.4
Translocations | |  2.6

Action                   |  1- 3 |  4- 6 || total
-------------------------+-------+-------++-------
Melee: Spear             |   146 |    22 ||   168
Throw: Boomerang         |     2 |       ||     2
  Use: Potion            |     3 |     4 ||     7
Armor: Robe              |    51 |     8 ||    59
Dodge: Dodged            |    72 |    10 ||    82

Table legend: (Time is in decaauts)
 A = Elapsed time spent in this place.
 B = Non-inter-level travel time spent in this place.
 C = Inter-level travel time spent in this place.
 D = Time resting spent in this place.
 E = Time spent auto-exploring this place.
 F = Levels seen in this place.
 G = Mean time per level.
                   A        B        C        D        E       F      G
               +--------+--------+--------+--------+--------+-----+--------+
         Total |   1955 |   1927 |     28 |    184 |   1175 |   4 |  488.8 |
       Dungeon |   1955 |   1927 |     28 |    184 |   1175 |   4 |  488.8 |
               +--------+--------+--------+--------+--------+-----+--------+

Top non-repeatable levels by time:
     D:1: 1011 daAuts
     D:2: 748 daAuts
     D:4: 171 daAuts
     D:3: 24 daAuts
